 Dungeon Crawl Stone Soup version 0.30-a0-297-g0ec75d9ef4 (webtiles) character file.

Game seed: 3783151866836125748

1096 gruber the Destroyer (level 8, -7/46 HPs)
             Began as an Octopode Conjurer on Oct 18, 2022.
             Mangled by a troll (12 damage)
             ... on level 6 of the Dungeon.
             The game lasted 00:12:34 (5085 turns).

gruber the Destroyer (Octopode Conjurer)            Turns: 5085, Time: 00:12:35

Health: -7/46      AC:  1    Str:  7    XL:     8   Next: 31%
Magic:  3/15       EV: 13    Int: 22    God:
Gold:   252        SH:  0    Dex: 10    Spells: 10/16 levels left

rFire   . . .      SeeInvis .    p - +2 dagger (speed)
rCold   . . .      Faith    .    (no shield)
rNeg    + . .      Spirit   .    (helmet restricted)
rPois   .          Reflect  .    q - amulet of the acrobat
rElec   .          Harm     .    r - ring of positive energy
rCorr   .          Rampage  .    (no ring)
Will    .....                    (no ring)
Stlth   +++.......               (no ring)
HPRegen 0.27/turn                (no ring)
MPRegen 0.14/turn                (no ring)
                                 (no ring)
                                 (no ring)

@: no status effects
A: almost no armour, amphibious, 8 rings, camouflage 1, gelatinous body 1,
(nimble swimmer 1), tentacles
a: no special abilities


You were on level 6 of the Dungeon.
You visited 1 branch of the dungeon, and saw 6 of its levels.

You collected 252 gold pieces.

Inventory:

Hand Weapons
 k - a +0 morningstar of draining
 p - a +2 dagger of speed (weapon)
Jewellery
 q - an amulet of the acrobat (around mantle)
 r - a ring of positive energy (left tentacle)
Scrolls
 b - 3 scrolls of fear {unknown}
 d - 3 scrolls of amnesia {unknown}
 e - 4 scrolls of teleportation {unknown}
 f - 5 scrolls of identify {unknown}
 j - a scroll of butterflies {unknown}
 l - a scroll of blinking {unknown}
 t - a scroll of enchant armour {unknown}
 u - 3 scrolls of brand weapon {unknown}
Potions
 a - a potion of magic
 c - 2 potions of might {unknown}
 g - a potion of invisibility {unknown}
 h - a potion of mutation {unknown}
 i - a potion of lignification {unknown}
 m - 2 potions of heal wounds {unknown}
 n - a potion of curing {unknown}
 o - a potion of degeneration {unknown}
 s - a potion of resistance {unknown}


   Skills:
 - Level 2.0 Dodging
 - Level 2.6 Stealth
 * Level 4.9 Spellcasting
 - Level 9.1 Conjurations


You had 10 spell levels left.
You knew the following spells:

 Your Spells              Type           Power      Damage    Failure   Level
a - Magic Dart            Conj           100%       1d8       1%          1
b - Searing Ray           Conj           90%        2d7       1%          2
c - Frozen Ramparts       Ice            10%        1d2       30%         3

Your spell library contained the following spells:

 Spells                   Type           Power      Damage    Failure   Level
 Shock                    Conj/Air       100%       1d9       1%          1
 Dazzling Flash           Conj/Hex       50%        N/A       4%          3
 Hailstorm                Conj/Ice       25%        3d7       4%          3
 Apportation              Tloc           10%        N/A       11%         1
 Freeze                   Ice            20%        1d4       11%         1
 Fulminant Prism          Conj/Hex       12%        3d9       16%         4
 Iskenderun's Mystic Bla  Conj/Tloc      25%        2d7       16%         4
 Ozocubu's Armour         Ice            5%         N/A       30%         3
 Swiftness                Air            5%         N/A       30%         3
 Airstrike                Air            2%         2d(1-17)  71%         4
 Alistair's Intoxication  Tmut/Pois      3%         N/A       96%         5
 Ozocubu's Refrigeration  Ice            2%         4d8       100%        7


Dungeon Overview and Level Annotations

Branches:
Dungeon (6/15)
 Temple: D:4-7

Altars:
Nemelex Xobeh
Uskayaw

Shops:
D:3 !??*

Annotations:
D:4 1 transporter
D:5 Edmund


Innate Abilities, Weirdness & Mutations

You cannot wear most types of armour.
You are amphibious.
You can wear up to eight rings at the same time.
Your skin changes colour to match your surroundings (Stealth+).
Your rubbery body absorbs attacks. (AC +1, EV +1)
((You are camouflaged when in or above water. (Stealth+)))
You have tentacles for arms and can constrict up to eight enemies at once.


Message History

The searing ray hits the troll.
The troll is heavily wounded.
The searing ray hits the hound!
The hound is severely wounded. (Press . to maintain the ray.)
The troll bites you! The troll claws you! The troll claws you.
The searing ray hits the troll!
The troll is heavily wounded.
The searing ray hits the hound.
You kill the hound!
The troll closely misses you. The troll misses you.
The troll completely misses you.
The searing ray misses the troll.
The troll closely misses you. The troll misses you.
The troll completely misses you.
The searing ray misses the troll.
You finish channelling your searing ray.
The troll barely misses you. The troll misses you.
The troll completely misses you.
Unknown command.
Unknown command.
You aren't carrying any items that you can evoke.
Okay, then.
You hit the troll.
The troll is heavily wounded.
The troll bites you. The troll claws you!
* * * LOW HITPOINT WARNING * * *
The troll misses you.
You barely miss the troll.
The troll is heavily wounded.
The troll closely misses you. The troll claws you.
* * * LOW HITPOINT WARNING * * *
The troll misses you.
You hit the troll but do no damage.
You tentacle-slap the troll, but do no damage.
Your squeeze misses the troll.
The troll is heavily wounded.
You hit the troll. You squeeze the troll.
The troll is severely wounded.
The troll bites you!
You die...

#.# #.. #.# #.. #.#######
#†......# ##### #T##.##.#
##...###@##.##.# ##
#..#..##.##(##.#########.
#.###.......##...........
#..#..##.##.##.#########.
##...###.#...#.# #. ##.##
#.......# ###. #.#
###...### #... #.# ##.##
#.#. #.# #.# ###.#.


You could see a troll.

Vanquished Creatures
  2 ice beasts (D:6)
  A black bear (D:6)
  2 ogres
  2 necrophages (D:5)
  A scorpion (D:6)
  A howler monkey (D:6)
  A jelly (D:5)
  2 hounds
  2 gnoll boudas (D:6)
  An iguana (D:5)
  11 gnolls
  7 adders
  A white imp (D:4)
  2 ufetubi
  A worm (D:3)
  A dart slug (D:3)
  7 orcs
  6 ball pythons
  4 endoplasms
  7 giant cockroaches
  A goblin (D:4)
  6 hobgoblins
  6 jackals
  7 quokkas
  5 bats
  6 frilled lizards
  2 kobolds
  5 rats
100 creatures vanquished.

Vanquished Creatures (others)
  3 fungi (D:5)
3 creatures vanquished.

Grand Total: 103 creatures vanquished

Notes
Turn   | Place    | Note
-------+----------+-------------------------------------------
     0 | D:1      | gruber the Octopode Conjurer began the quest for the Orb.
     0 | D:1      | Reached XP level 1. HP: 11/11 MP: 3/3
   309 | D:1      | Reached XP level 2. HP: 17/17 MP: 1/5
   988 | D:2      | Reached XP level 3. HP: 17/21 MP: 6/6
   993 | D:2      | Learned a level 2 spell: Searing Ray
  1023 | D:2      | Reached skill level 5 in Conjurations
  1540 | D:2      | Learned a level 3 spell: Frozen Ramparts
  1573 | D:2      | Reached XP level 4. HP: 27/27 MP: 3/7
  2225 | D:3      | Found Exysebaalo's Magic Scroll Emporium.
  2232 | D:3      | Found Neicem's General Store.
  2377 | D:3      | Found Buats's Magic Scroll Shoppe.
  2634 | D:3      | Reached skill level 6 in Conjurations
  2703 | D:3      | Found Ameap's Distillery.
  3034 | D:4      | Found a hide-covered altar of Uskayaw.
  3117 | D:4      | Reached XP level 5. HP: 28/31 MP: 8/8
  3290 | D:4      | Found a sparkling altar of Nemelex Xobeh.
  3290 | D:4      | Found a transporter.
  3358 | D:4      | Noticed an ogre
  3375 | D:4      | Killed an ogre
  3393 | D:4      | Reached skill level 7 in Conjurations
  3393 | D:4      | Reached XP level 6. HP: 14/36 MP: 2/9
  3627 | D:5      | Entered Level 5 of the Dungeon
  3770 | D:5      | Reached skill level 8 in Conjurations
  3770 | D:5      | Reached XP level 7. HP: 2/41 MP: 3/10
  3990 | D:5      | Noticed Edmund
  4256 | D:6      | Reached skill level 9 in Conjurations
  4481 | D:6      | Reached XP level 8. HP: 46/46 MP: 0/13
  4778 | D:6      | Identified the +0 helmet "Xumm" {rC+ Str+3}
  5072 | D:6      | Noticed a troll
  5085 | D:6      | Mangled by a troll

Illustrated notes

Levels and vault maps discovered:
D:1:      lemuel_arrival_river_bridge, layout_basic, nicolae_figureground_pulse
D:2:      minmay_skewed_foursquare, layout_loops_corners
D:3:      layout_loops_cross, serial_shops, shop, shop, shop,
          nicolae_shop_advertising_works [nicolae_subvault_shop_adworks]
D:4:      layout_basic, grunt_nemelex_the_gamble, mainiacjoe_overflow_alcove_1
D:5:      layout_rooms, mainiacjoe_overflow_boulevard, minivault_5,
          hangedman_decor_peaks_small, uniq_grinder, uniq_edmund, uniq_sigmund
D:6:      layout_loops_corners, amcnicky_altar_gilded, minmay_temple_entry_hall,
          kennysheep_flooded_box, corexii_leaking_fountain,
          hangedman_minor_gate_pass, uniq_crazy_yiuf_cottage

Skill      XL: |  1  2  3  4  5  6  7  8 |
---------------+-------------------------+-----
Conjurations   | 5 6 7 8 9 |  9.1
Spellcasting   | 3 4 |  4.9
Dodging        | |  2.0
Stealth        | |  2.6

Action                   |  1- 3 |  4- 6 |  7- 9 || total
-------------------------+-------+-------+-------++-------
Melee: Spear             |    50 |       |       ||    50
       Constrict         |     9 |    10 |     3 ||    22
       Tentacles         |     9 |     9 |     5 ||    23
       Morningstar       |     4 |     3 |       ||     7
       Dagger            |       |    52 |    24 ||    76
       Punch             |       |     1 |     1 ||     2
 Cast: Magic Dart        |    22 |    44 |    26 ||    92
       Searing Ray       |     2 |     5 |    16 ||    23
 Stab: Sleeping          |     6 |     5 |       ||    11
Armor: Skin              |     2 |     2 |       ||     4
Dodge: Dodged            |    31 |    31 |    33 ||    95

Table legend: (Time is in decaauts)
 A = Elapsed time spent in this place.
 B = Non-inter-level travel time spent in this place.
 C = Inter-level travel time spent in this place.
 D = Time resting spent in this place.
 E = Time spent auto-exploring this place.
 F = Levels seen in this place.
 G = Mean time per level.
                   A        B        C        D        E       F      G
               +--------+--------+--------+--------+--------+-----+--------+
         Total |   5065 |   4955 |    110 |     61 |   4204 |   6 |  844.2 |
       Dungeon |   5065 |   4955 |    110 |     61 |   4204 |   6 |  844.2 |
               +--------+--------+--------+--------+--------+-----+--------+

Top non-repeatable levels by time:
     D:2: 1250 daAuts
     D:6: 1077 daAuts
     D:1: 864 daAuts
     D:3: 852 daAuts
     D:4: 651 daAuts
     D:5: 368 daAuts
